 Dungeon Crawl Stone Soup version 0.25.1-2-g60ff931df9 (webtiles) character file.

Game seed: 13856161966043612079

141 RUZZLEFAZAZZLE the Skirmisher (level 5, -1/42 HPs)
             Began as a Demonspawn Fighter on Aug 30, 2020.
             Slain by a scorpion (8 damage)
             ... on level 3 of the Dungeon.
             The game lasted 00:04:01 (2179 turns).

RUZZLEFAZAZZLE the Skirmisher (Demonspawn Fighter)  Turns: 2179, Time: 00:04:01

Health: -1/42      AC:  6    Str: 17    XL:     5   Next: 3%
Magic:  5/5        EV:  7    Int:  9    God:
Gold:   85         SH:  9    Dex: 13    Spells: 4/4 levels left

rFire    + . .     SeeInvis .   a - +0 war axe
rCold    . . .     Gourm    .   c - +0 kite shield
rNeg     + . .     Faith    .   l - +0 scale mail {rF+}
rPois    .         Spirit   .   (helmet restricted)
rElec    .         Reflect  .   (no cloak)
rCorr    .         Harm     .   (no gloves)
MR       .....                  (no boots)
Stlth    +.........             j - amulet of regeneration
HPRegen  0.54/turn              e - ring of positive energy
MPRegen  0.09/turn              (no ring)

@: no status effects
A: horns 1, nightstalker 1
a: no special abilities


You were on level 3 of the Dungeon.
You were not hungry.

You visited 1 branch of the dungeon, and saw 3 of its levels.

You collected 85 gold pieces.

Inventory:

Hand Weapons
 a - a +0 war axe (weapon)
Armour
 c - a +0 kite shield (worn)
 l - a +0 scale mail of fire resistance (worn)
Jewellery
 e - a ring of positive energy (left hand)
 j - an amulet of regeneration (around neck)
Scrolls
 g - a scroll of remove curse {unknown}
 h - 6 scrolls of identify {unknown}
 i - a scroll of enchant weapon {unknown}
 k - a scroll of fog {unknown}
Potions
 b - a potion of flight {unknown}
 d - a potion of might
 m - 2 potions of resistance {unknown}
Comestibles
 f - 5 rations


   Skills:
 + Level 3.8 Fighting
 + Level 2.8 Axes
 + Level 3.4 Armour
 + Level 3.4 Shields


You had 4 spell levels left.
You didn't know any spells.
Your spell library was empty.

Dungeon Overview and Level Annotations

Branches:
Dungeon (3/15)

Altars:
Ashenzari
Trog
Yredelemnul


Innate Abilities, Weirdness & Mutations

You have a pair of small horns on your head.
You are slightly more attuned to the shadows.


Message History

You kill the gnoll!
You hit the gnoll. The gnoll hits you. You block the gnoll's attack.
Your shield and scale mail prevent you from hitting the gnoll.
You headbutt the gnoll, but do no damage.
The gnoll is lightly wounded.
You block the gnoll's attack.
You hit the gnoll.
The gnoll is lightly wounded.
The gnoll hits you!
* * * LOW HITPOINT WARNING * * *
The gnoll hits you.
* * * LOW HITPOINT WARNING * * *
You closely miss the gnoll. Your headbutt misses the gnoll.
The gnoll is lightly wounded.
The gnoll hits you but does no damage. You block the scorpion's attack.
You slash the gnoll!
You kill the gnoll!
You have reached level 5!
You hit the scorpion. The scorpion stings you!
You die...

.####...#.. ...%......
.........## . .........#..
......... #.#s†..# #.#)@..#
##.#.)..### #....)....# ##.
.. ##### #.......#.##........
. ##...###.......#
##.##..#.##.
#.....##..##.#.......#.......
#............#.#.##..#...(.#.
#.....##..#..#.#.##...#.#....
##...###..#..#.......#....<..


You could see a scorpion.

Vanquished Creatures
  3 gnolls (D:3)
  2 adders (D:2)
  2 oozes (D:2)
  2 worms (D:2)
  A dart slug (D:1)
  2 leopard geckos (D:2)
  4 orcs (D:3)
  8 giant cockroaches
  11 goblins
  4 hobgoblins
  5 jackals
  7 kobolds
  2 ball pythons
  5 bats
  4 frilled lizards
  6 rats
68 creatures vanquished.

Notes
Turn   | Place    | Note
-------+----------+-------------------------------------------
     0 | D:1      | RUZZLEFAZAZZLE the Demonspawn Fighter began the quest for
                  | the Orb.
     0 | D:1      | Reached XP level 1. HP: 18/18 MP: 1/1
   100 | D:1      | Gained mutation: You have a pair of small horns on your
                  | head. [demonic ancestry]
   100 | D:1      | Reached XP level 2. HP: 22/24 MP: 2/2
   452 | D:1      | Reached XP level 3. HP: 29/29 MP: 3/3
  1570 | D:2      | Found a shattered altar of Ashenzari.
  1582 | D:2      | Gained mutation: You are slightly more attuned to the
                  | shadows. [demonic ancestry]
  1582 | D:2      | Reached XP level 4. HP: 29/35 MP: 4/4
  1642 | D:2      | Found a bloodstained altar of Trog.
  1802 | D:2      | Found a basalt altar of Yredelemnul.
  2179 | D:3      | Reached XP level 5. HP: 6/42 MP: 5/5
  2179 | D:3      | Slain by a scorpion

Illustrated notes

Levels and vault maps discovered:
D:1:      lightli_molten_gateway, layout_loops_corners, minmay_misc_feat_tiny
D:2:      layout_loops_ring, ashenzari_altar_1, yredelemnul_altar_generic,
          bloody_trog
D:3:      layout_loops_cross, minmay_bisected

Skill      XL: |  1  2 |
---------------+-------+-----
Axes           | 2 |  2.8
Shields        | 3 |  3.4
Armour         | 3 |  3.4
Fighting       | |  3.8

Action                   |  1- 3 |  4- 6 || total
-------------------------+-------+-------++-------
Melee: War axe           |   132 |    55 ||   187
       Headbutt          |    17 |    14 ||    31
  Eat: Chunk             |     2 |     2 ||     4
Armor: Scale mail        |    78 |    16 ||    94
Dodge: Dodged            |    45 |    13 ||    58
Block: Kite shield       |    65 |    33 ||    98
